 Dungeon Crawl Stone Soup version 0.19-a0-36-g4a0968a (webtiles) character file.

655 CyborgNinja the Changer (level 7, 0/43 HPs)
             Began as an Octopode Transmuter on May 4, 2016.
             Slain by a scorpion (5 damage)
             ... in an ossuary.
             The game lasted 00:07:27 (4154 turns).

CyborgNinja the Changer (Octopode Transmuter)       Turns: 4154, Time: 00:07:28

Health: 0/43       AC:  1    Str: 11    XL:     7   Next: 54%
Magic:  10/10      EV: 13    Int: 15    God:
Gold:   131        SH:  5    Dex: 13    Spells: 3 memorised, 1 level left

rFire  . . .     SeeInvis .     n - +0 war axe (chop)
rCold  . . .     Gourm    .     (no shield)
rNeg   . . .     Faith    .     (helmet restricted)
rPois  .         Spirit   .     f - +5 amulet of reflection
rElec  .         Dismiss  .     j - ring of resist corrosion
rCorr  +         Reflect  +     (no ring)
SustAt .         Harm     .     (no ring)
MR     .....                    (no ring)
Stlth  ++........               (no ring)
                                (no ring)
                                (no ring)
                                (no ring)

@: lethally poisoned (0 -> -7), flying, not resistant to hostile enchantments,
unstealthy
A: almost no armour, amphibious, 8 rings, constrict 8, camouflage 1, gelatinous
body 1
a: no special abilities


You were in an ossuary.
You were not hungry.

You visited 1 branch of the dungeon, and saw 4 of its levels.
You also visited: Ossuary.

You collected 131 gold pieces.

Inventory:

Hand Weapons
 e - a +2 dagger of venom
 n - a +0 war axe of chopping (weapon)
Missiles
 a - 70 arrows
Jewellery
 f - a +5 amulet of reflection (around mantle)
 j - a ring of resist corrosion (left tentacle)
Wands
 l - a wand of acid (1/15)
 o - a wand of flame (38/48)
Scrolls
 h - 3 scrolls of holy word {unknown}
 t - a scroll of magic mapping {unknown}
Potions
 i - a potion of ambrosia
 m - a potion of might
 p - a potion of resistance {unknown}
 s - 2 potions of agility {unknown}
Books
 b - a book of Changes

   Spells                             Type                      Level
   a - Beastly Appendage              Transmutation                1
   b - Sticks to Snakes               Transmutation                2
   c - Spider Form                    Transmutation/Poison         3
   d - Ice Form                       Ice/Transmutation            4
   e - Blade Hands                    Transmutation                5
Comestibles
 c - a bread ration
 k - a meat ration


   Skills:
 - Level 1.0 Fighting
 - Level 3.0 Dodging
 - Level 3.0 Unarmed Combat
 - Level 2.0 Spellcasting
 + Level 7.9 Transmutations


You had one spell level left.
You knew the following spells:

 Your Spells              Type           Power        Failure   Level  Hunger
a - Beastly Appendage     Trmt           ####..       1%          1    #......
b - Spider Form           Trmt/Pois      ##........   17%         3    ###....
c - Blade Hands           Trmt           ####......   28%         5    ######.


Dungeon Overview and Level Annotations

Branches:
Dungeon (4/15)
 Temple: D:4-7

Altars:
Kikubaaqudgha
Makhleb
Pakellas
Qazlal
Yredelemnul
Zin


Innate Abilities, Weirdness & Mutations

You cannot wear most types of armour.
You are amphibious.
You can wear up to eight rings at the same time.
You can use your tentacles to constrict eight enemies at once.
Your skin changes colour to match your surroundings (Stealth).
Your rubbery body absorbs attacks (AC +1).


Message History

You constrict the scorpion, but do no damage.
You feel sick. The scorpion stings you!
* * * LOW HITPOINT WARNING * * *
You are lethally poisoned!
The scorpion poisons you!
The big kobold zombie barely misses you.
Drink which item? (? for menu, Esc to quit)
You feel better.
You constrict the scorpion. The scorpion stings you!
* * * LOW HITPOINT WARNING * * *
You are poisoned.
The scorpion poisons you!
Drink which item? (? for menu, Esc to quit)
It was a potion of flight.
You feel very buoyant.
You fly up into the air.
You constrict the scorpion.
* * * LOW HITPOINT WARNING * * *
You feel sick. The big kobold zombie hits you.
* * * LOW HITPOINT WARNING * * *
The scorpion stings you.
You die...

#.....#.....#...#...#...#
##'###########'#######'##
#...#...#...#...#...#^^.#
#.^.'...'^..#...8...'...#
#..^#...#..^#.......#...#
##########'###8..†8######
#?!M#...#...#.......#.M!#
#?.?#..Z8...#...8...#!.?#
#!?.#..s@...#...#...#...#
##+###8...8###########+##
#.......# .'...8...'.
s..#...#...#... ##
############


You could see 2 scorpions and a big kobold zombie.

Vanquished Creatures
  Sigmund (D:4)
  3 scorpions (Ossuary)
  A centaur zombie (Ossuary)
  A hound (D:2)
  2 big kobold zombies (Ossuary)
  A hound zombie (D:3)
  3 mummies (Ossuary)
  3 scorpion zombies (Ossuary)
  5 adders
  An ooze (D:3)
  5 worms
  A dart slug (D:2)
  2 giant geckos (D:1)
  An orc (D:3)
  2 giant cockroaches
  5 goblins
  11 hobgoblins
  8 jackals
  12 kobolds
  3 quokkas
  2 ball pythons
  9 bats
  5 giant newts
  2 gnoll zombies (Ossuary)
  A goblin zombie (Ossuary)
  3 kobold zombies (Ossuary)
  3 orc zombies (Ossuary)
  4 rats
100 creatures vanquished.

Vanquished Creatures (others)
  A scorpion (Ossuary)
  A plant (D:2)
2 creatures vanquished.

Grand Total: 102 creatures vanquished

Notes
Turn   | Place    | Note
--------------------------------------------------------------
     0 | D:1      | CyborgNinja the Octopode Transmuter began the quest for the Orb.
     0 | D:1      | Reached XP level 1. HP: 13/13 MP: 3/3
   255 | D:1      | Reached XP level 2. HP: 15/18 MP: 5/5
   325 | D:1      | Reached skill level 3 in Transmutations
   848 | D:1      | Reached XP level 3. HP: 21/23 MP: 6/6
  1143 | D:2      | Learned a level 3 spell: Spider Form
  1358 | D:2      | Reached XP level 4. HP: 28/28 MP: 7/7
  1614 | D:2      | Found an ancient bone altar of Kikubaaqudgha.
  1621 | D:2      | Found a basalt altar of Yredelemnul.
  1652 | D:2      | Found a glowing silver altar of Zin.
  1843 | D:2      | Reached skill level 4 in Transmutations
  1850 | D:2      | Found a burning altar of Makhleb.
  2004 | D:2      | Reached XP level 5. HP: 28/33 MP: 8/8
  2073 | D:3      | Found an oddly glowing altar of Pakellas.
  2730 | D:3      | Reached skill level 5 in Transmutations
  3135 | D:4      | Noticed Sigmund
  3143 | D:4      | Killed Sigmund
  3143 | D:4      | Reached skill level 6 in Transmutations
  3143 | D:4      | Reached XP level 6. HP: 31/38 MP: 5/9
  3165 | D:4      | Found a stormy altar of Qazlal.
  3373 | D:4      | Found a sand-covered staircase.
  3378 | Ossuary  | Entered an ossuary
  3734 | Ossuary  | Reached skill level 7 in Transmutations
  3734 | Ossuary  | Reached XP level 7. HP: 41/43 MP: 10/10
  4146 | Ossuary  | Learned a level 5 spell: Blade Hands
  4154 | Ossuary  | Slain by a scorpion

Vault maps used:
D:1:      lightli_arrival_chessboard, serial_bayou_lagoon_a
D:2:      gammafunk_temple_overflow_forgotten, makhleb_blood_cavern_becter
D:3:      old_standard_altar, minivault_19, grunt_decor_arrowhead,
          grunt_ministairs_4, kennysheep_generic_room_11
D:4:      first_bread, enter_ossuary_5, grunt_qazlal_clouds, uniq_sigmund
Ossuary:  ossuary_minmay_scorpions

Skill      XL: |  1  2  3  4  5  6 |
---------------+-------------------+-----
Transmutations | 3 4 6 7 |  7.9
Dodging        | 3 |  3.0
Fighting       | |  1.0
Unarmed Combat | |  3.0
Spellcasting   | |  2.0

Action                   |  1- 3 |  4- 6 |  7- 9 || total
-------------------------+-------+-------+-------++-------
Melee: Unarmed           |    26 |     5 |       ||    31
       Constrict         |    20 |    40 |     9 ||    69
       Tentacles         |     8 |    27 |    10 ||    45
       Punch             |     1 |     2 |       ||     3
       Dagger            |    36 |   118 |       ||   154
       War axe           |       |    26 |    35 ||    61
 Cast: Spider Form       |       |     1 |       ||     1
  Use: Scroll            |     3 |     5 |     1 ||     9
       Potion            |     1 |     2 |     2 ||     5
 Stab: Sleeping          |     4 |    12 |     2 ||    18
  Eat: Chunk             |     1 |     6 |       ||     7
       Bread ration      |       |       |     1 ||     1
       Beef jerky        |       |       |     1 ||     1
Armor: Skin              |     2 |     7 |     4 ||    13
Dodge: Dodged            |    32 |    76 |    19 ||   127
Block: Other             |       |    21 |     9 ||    30
       Reflection        |       |     1 |       ||     1
